A+ - U26
VIRGINIA BEACH MARINERS @ TAMPA TARPONS
07/31/2052
 
TOP OF THE 1ST
Traverse City Pit Spitters batting - Pitching for St. Lucie Mets : RHP Mal Autry
Pitching: RHP Mal Autry
Batting: RHB Lee Pearson 0-0: Called Strike
0-1: Foul Ball, location: 5F
0-2: Foul Ball, location: 3F
0-2: Ball
1-2: SOLO HOME RUN (Flyball, 7D, EV 99.4 MPH), Distance : 386 ft
Batting: RHB Brayan Rodríguez 0-0: Ball
1-0: Called Strike
1-1: Foul Ball, location: 2F
1-2: Ground out 6-3 (Groundball, 6, EV 86.3 MPH)
Batting: RHB Carter Hale 0-0: Foul Ball, location: 2F
0-1: Ball
1-1: Called Strike
1-2: Strikes out swinging
Batting: LHB Ryan Penryn 0-0: Foul Ball, location: 7LMF
0-1: Foul Ball, location: 2F
0-2: Ball
1-2: Hit by Pitch
Batting: LHB José Soriano 0-0: Called Strike
0-1: Ball
1-1: Foul Ball, location: 5SF
1-2: Ball
2-2: Ball
3-2: SINGLE (Line Drive, 4M, EV 94.4 MPH)
Ryan Penryn to second
Ryan Penryn to third
Batting: LHB Sydney Hawtin 0-0: Ball
1-0: Hit by Pitch
José Soriano to second
Batting: RHB Denis Blair 0-0: Ball
1-0: Ground out 3-1 (Groundball, 34, EV 104.4 MPH)
Top of the 1st over - 1 run, 2 hits, 0 errors, 3 left on base; Traverse City 1 - St. Lucie 0
BOTTOM OF THE 1ST
St. Lucie Mets batting - Pitching for Traverse City Pit Spitters : RHP Darius Washington
Pitching: RHP Darius Washington
Batting: RHB Adrián Saenz 0-0: Ball
1-0: Ball
2-0: Foul Ball, location: 7LSF
2-1: Foul Ball, location: 25F
2-2: Ball
3-2: Ground out U3 (Groundball, 3S, EV 65.6 MPH)
Batting: SHB Seth Rangel 0-0: Called Strike
0-1: Bunt missed!
0-2: Ball
1-2: Ball
2-2: Ball
3-2: Fly out, F5 (Popup, 56, EV 36.3 MPH)
Batting: SHB Rafael Angeles 0-0: Called Strike
0-1: Ball
1-1: Called Strike
1-2: Ball
2-2: Strikes out looking
Bottom of the 1st over - 0 runs, 0 hits, 0 errors, 0 left on base; Traverse City 1 - St. Lucie 0
TOP OF THE 2ND
Traverse City Pit Spitters batting - Pitching for St. Lucie Mets : RHP Mal Autry
Batting: RHB Rodrigo Iglesia 0-0: Called Strike
0-1: Swinging Strike
0-2: Ball
1-2: Foul Ball, location: 2F
1-2: Ball
2-2: SINGLE (Groundball, 6MD, EV 101.3 MPH)
Batting: RHB Gavin Rathje 0-0: Foul Ball, location: 3F
0-1: Ball
1-1: Ball
2-1: Ball
3-1: Foul Ball, location: 5DF
3-2: Foul Ball, location: 2F
3-2: Strikes out looking
Batting: RHB Lee Pearson 0-0: Called Strike
0-1: Ball
1-1: Ball
2-1: Called Strike
2-2: Foul Ball, location: 3SF
2-2: Ball
3-2: Base on Balls
Rodrigo Iglesia to second
Batting: RHB Brayan Rodríguez 0-0: SINGLE (Flyball, 6D, EV 93.8 MPH)
Rodrigo Iglesia to third
Lee Pearson to second
Batting: RHB Carter Hale 0-0: Ball
1-0: Ball
2-0: Foul Ball, location: 2F
2-1: Foul Ball, location: 3DF
2-2: Ball
3-2: Foul Ball, location: 2F
3-2: Foul Ball, location: 2F
3-2: Foul Ball, location: 23FF
3-2: SINGLE (Groundball, 6, EV 79.4 MPH)
Rodrigo Iglesia scores
Lee Pearson to third
Brayan Rodríguez to second
Batting: LHB Ryan Penryn 0-0: Called Strike
0-1: Foul Ball, location: 3F
0-2: Ball
1-2: Ball
2-2: Grounds into fielders choice 1-2 (Groundball, 15S, EV 67.5 MPH)
Brayan Rodríguez to third
Carter Hale to second
Batting: LHB José Soriano 0-0: Ball
1-0: Ball
2-0: Called Strike
2-1: Reached via error on a dropped throw from 2B, E6 (Groundball, 4MD, EV 99.4 MPH)
Brayan Rodríguez scores
Carter Hale to third
Ryan Penryn to second
Batting: LHB Sydney Hawtin 0-0: Called Strike
0-1: Ball
1-1: Called Strike
1-2: Ball
2-2: Foul Ball, location: 7LMFF
2-2: Ball
3-2: Fly out, F5 (Popup, 25F, EV 89.4 MPH)
Top of the 2nd over - 2 runs, 3 hits, 1 error, 3 left on base; Traverse City 3 - St. Lucie 0
BOTTOM OF THE 2ND
St. Lucie Mets batting - Pitching for Traverse City Pit Spitters : RHP Darius Washington
Batting: RHB Mark Wade 0-0: Foul Ball, location: 2F
0-1: Ball
1-1: Fly out, F9 (Flyball, 9S, EV 88.1 MPH)
Batting: RHB Chris Thurman 0-0: Fly out, F9 (Flyball, 89M, EV 81.3 MPH)
Batting: LHB Danny Haggis 0-0: Ball
1-0: Ball
2-0: TRIPLE (Line Drive, 89XD, EV 109.4 MPH)
Batting: RHB Kristoffer Shealy 0-0: Foul Ball, location: 2F
0-1: Ground out 4-3 (Groundball, 34, EV 87.5 MPH)
Bottom of the 2nd over - 0 runs, 1 hit, 0 errors, 1 left on base; Traverse City 3 - St. Lucie 0
TOP OF THE 3RD
Traverse City Pit Spitters batting - Pitching for St. Lucie Mets : RHP Mal Autry
Batting: RHB Denis Blair 0-0: Foul Ball, location: 5FF
0-1: Ball
1-1: Called Strike
1-2: DOUBLE (Line Drive, 89D, EV 111.3 MPH)
Batting: RHB Rodrigo Iglesia 0-0: Fly out, F8 (Flyball, 8RM, EV 96.3 MPH)
Batting: RHB Gavin Rathje 0-0: Ball
1-0: Called Strike
1-1: Foul Ball, location: 25F
1-2: Foul Ball, location: 5F
1-2: Ground out 4-3 (Groundball, 4MD, EV 94.4 MPH)
Denis Blair to third
Batting: RHB Lee Pearson 0-0: Foul Ball, location: 2F
0-1: Foul Ball, location: 3FF
0-2: Foul Ball, location: 2F
0-2: Ball
1-2: Ball
2-2: Ball
3-2: Base on Balls
Pitching: RHP Austin Meyer
Batting: RHB Brayan Rodríguez 0-0: Ball
1-0: Foul Ball, location: 23FF
1-1: Ball
2-1: Ground out 4-3 (Groundball, 4, EV 107.5 MPH)
Top of the 3rd over - 0 runs, 1 hit, 0 errors, 2 left on base; Traverse City 3 - St. Lucie 0
BOTTOM OF THE 3RD
St. Lucie Mets batting - Pitching for Traverse City Pit Spitters : RHP Darius Washington
Batting: SHB Grover Schleicher 0-0: Called Strike
0-1: Foul Ball, location: 5FF
0-2: Hit by Pitch
Batting: RHB Hudson Young 0-0: Ball
1-0: Swinging Strike
1-1: Foul Ball, location: 9LSF
1-2: Fly out, F8 (Flyball, 8LS, EV 86.9 MPH)
Batting: RHB Adrián Saenz 0-0: Called Strike
0-1: Ball
1-1: Grounds into double play, 4-6-3 (Groundball, 34, EV 91.3 MPH)
Bottom of the 3rd over - 0 runs, 0 hits, 0 errors, 0 left on base; Traverse City 3 - St. Lucie 0
TOP OF THE 4TH
Traverse City Pit Spitters batting - Pitching for St. Lucie Mets : RHP Austin Meyer
Batting: RHB Carter Hale 0-0: Foul Ball, location: 2F
0-1: Ball
1-1: Swinging Strike
1-2: Foul Ball, location: 9LSF
1-2: Foul Ball, location: 2F
1-2: Strikes out swinging
Batting: LHB Ryan Penryn 0-0: Ball
1-0: Ball
2-0: SINGLE (Groundball, 4S, EV 67.5 MPH) (infield hit)
Batting: LHB José Soriano 0-0: Ball
1-0: SINGLE (Groundball, 6MD, EV 101.9 MPH)
Ryan Penryn to second
Batting: LHB Sydney Hawtin 0-0: Ball
1-0: Swinging Strike
1-1: Foul Ball, location: 25F
1-2: Foul Ball, location: 25F
1-2: Strikes out looking
Batting: RHB Denis Blair 0-0: Called Strike
0-1: Foul Ball, location: 25F
0-2: Foul Ball, location: 2F
0-2: Foul Ball, location: 25F
0-2: Strikes out looking
Top of the 4th over - 0 runs, 2 hits, 0 errors, 2 left on base; Traverse City 3 - St. Lucie 0
BOTTOM OF THE 4TH
St. Lucie Mets batting - Pitching for Traverse City Pit Spitters : RHP Darius Washington
Batting: SHB Seth Rangel 0-0: Ball
1-0: Ball
2-0: Called Strike
2-1: Ball
3-1: Base on Balls
Batting: SHB Rafael Angeles 0-0: Ball
Seth Rangel is caught stealing 2nd base 2-6
1-0: Called Strike
1-1: Ball
2-1: Swinging Strike
2-2: Ball
3-2: Foul Ball, location: 2F
3-2: DOUBLE (Flyball, 78D, EV 103.1 MPH)
Batting: RHB Mark Wade 0-0: Ball
1-0: Ground out 5-3 (Groundball, 56, EV 108.1 MPH)
Batting: RHB Chris Thurman 0-0: Ball
1-0: Swinging Strike
1-1: DOUBLE (Groundball, 5L, EV 104.4 MPH)
Rafael Angeles scores
Batting: LHB Danny Haggis 0-0: Ball
1-0: Called Strike
1-1: Called Strike
1-2: DOUBLE (Line Drive, 7LM, EV 99.4 MPH)
Chris Thurman scores
Batting: RHB Kristoffer Shealy 0-0: Called Strike
0-1: Ball
1-1: Ball
2-1: Foul Ball, location: 5F
2-2: Ground out U3 (Groundball, 34, EV 98.1 MPH)
Bottom of the 4th over - 2 runs, 3 hits, 0 errors, 1 left on base; Traverse City 3 - St. Lucie 2
TOP OF THE 5TH
Traverse City Pit Spitters batting - Pitching for St. Lucie Mets : RHP Austin Meyer
Batting: RHB Rodrigo Iglesia 0-0: Swinging Strike
0-1: Foul Ball, location: 5F
0-2: Ground out 6-3 (Groundball, 6, EV 88.8 MPH)
Batting: RHB Gavin Rathje 0-0: Foul Ball, location: 9LMF
0-1: Ball
1-1: Foul Ball, location: 9LMF
1-2: Foul Ball, location: 2F
1-2: DOUBLE (Line Drive, 7LM, EV 110.0 MPH)
Batting: RHB Lee Pearson 0-0: Ground out 4-3 (Groundball, 4M, EV 105.0 MPH)
Batting: RHB Brayan Rodríguez 0-0: Called Strike
0-1: Fly out, F9 (Flyball, 9S, EV 95.0 MPH)
Top of the 5th over - 0 runs, 1 hit, 0 errors, 1 left on base; Traverse City 3 - St. Lucie 2
BOTTOM OF THE 5TH
St. Lucie Mets batting - Pitching for Traverse City Pit Spitters : RHP Darius Washington
Batting: SHB Grover Schleicher 0-0: Called Strike
0-1: Ball
1-1: Foul Ball, location: 2F
1-2: Ball
2-2: Ball
3-2: Foul Ball, location: 3SF
3-2: Foul Ball, location: 2F
3-2: Base on Balls
Batting: RHB Hudson Young 0-0: DOUBLE (Line Drive, 7LM, EV 104.4 MPH)
Grover Schleicher to third
Grover Schleicher scores
Batting: RHB Adrián Saenz 0-0: Ball
1-0: Called Strike
1-1: Ball
2-1: Foul Ball, location: 3FF
2-2: Ball
3-2: Foul Ball, location: 3F
3-2: Fly out, F7 (Line Drive, 7LM, EV 90.6 MPH)
Batting: SHB Seth Rangel 0-0: Called Strike
0-1: Swinging Strike
0-2: Foul Ball, location: 3FF
0-2: Strikes out swinging
Batting: SHB Rafael Angeles 0-0: Fly out, F8 (Flyball, 8LM, EV 90.6 MPH)
Bottom of the 5th over - 1 run, 1 hit, 0 errors, 1 left on base; Traverse City 3 - St. Lucie 3
TOP OF THE 6TH
Traverse City Pit Spitters batting - Pitching for St. Lucie Mets : RHP Austin Meyer
Batting: RHB Carter Hale 0-0: Called Strike
0-1: Ball
1-1: SINGLE (Groundball, 56D, EV 98.1 MPH)
Batting: LHB Ryan Penryn 0-0: Ball
1-0: Called Strike
1-1: Swinging Strike
1-2: Foul Ball, location: 2F
1-2: SINGLE (Line Drive, 9S, EV 98.8 MPH)
Carter Hale to second
Batting: LHB José Soriano 0-0: Ball
1-0: Foul Ball, location: 3F
1-1: Foul Ball, location: 2F
1-2: Grounds into double play, 3-6-3 (Groundball, 3, EV 83.8 MPH)
Carter Hale to third
Batting: LHB Sydney Hawtin 0-0: Ball
1-0: Foul Ball, location: 9LDF
1-1: Ball
2-1: Ball
3-1: Called Strike
3-2: Base on Balls
Batting: RHB Denis Blair 0-0: Ball
1-0: Called Strike
1-1: Ball
2-1: Foul Ball, location: 2F
2-2: Ball
3-2: Foul Ball, location: 2F
3-2: Fly out, F7 (Flyball, 78S, EV 86.9 MPH)
Top of the 6th over - 0 runs, 2 hits, 0 errors, 2 left on base; Traverse City 3 - St. Lucie 3
BOTTOM OF THE 6TH
St. Lucie Mets batting - Pitching for Traverse City Pit Spitters : RHP Darius Washington
Batting: RHB Mark Wade 0-0: Ball
1-0: Swinging Strike
1-1: Fly out, F5 (Popup, 56S, EV 76.3 MPH)
Batting: RHB Chris Thurman 0-0: Ball
1-0: Ball
2-0: Foul Ball, location: 7LMFF
2-1: Fly out, F7 (Flyball, 7, EV 96.9 MPH)
Batting: LHB Danny Haggis 0-0: Called Strike
0-1: Ball
1-1: Swinging Strike
1-2: SINGLE (Line Drive, 7S, EV 101.9 MPH)
Pitching: LHP K.J. Hall
Batting: RHB Kristoffer Shealy 0-0: Ball
Wild Pitch!
Danny Haggis to second
1-0: Ball
2-0: Fly out, F9 (Flyball, 89M, EV 84.4 MPH)
Bottom of the 6th over - 0 runs, 1 hit, 0 errors, 1 left on base; Traverse City 3 - St. Lucie 3
TOP OF THE 7TH
Traverse City Pit Spitters batting - Pitching for St. Lucie Mets : RHP Austin Meyer
Pitching: LHP Cristobal Batista
Batting: RHB Rodrigo Iglesia 0-0: Ball
1-0: Called Strike
1-1: Ball
2-1: Called Strike
2-2: SINGLE (Groundball, 34D, EV 110.0 MPH)
Batting: RHB Gavin Rathje 0-0: Ball
Wild Pitch!
Rodrigo Iglesia to second
1-0: Fly out, F8 (Flyball, 8RD, EV 100.6 MPH)
Batting: RHB Lee Pearson 0-0: Ball
1-0: Fly out, F4 (Popup, 4M, EV 69.4 MPH)
Batting: RHB Brayan Rodríguez 0-0: Ground out 5-3 (Groundball, 56, EV 87.5 MPH)
Top of the 7th over - 0 runs, 1 hit, 0 errors, 1 left on base; Traverse City 3 - St. Lucie 3
BOTTOM OF THE 7TH
St. Lucie Mets batting - Pitching for Traverse City Pit Spitters : LHP K.J. Hall
Batting: SHB Grover Schleicher 0-0: DOUBLE (Flyball, 78D, EV 111.3 MPH)
Batting: RHB Hudson Young 0-0: Ball
1-0: Ball
2-0: Ball
3-0: Called Strike
3-1: Base on Balls
Batting: RHB Adrián Saenz 0-0: Called Strike
0-1: Ball
1-1: Foul Ball, location: 2F
1-2: Fielders Choice at 2nd, 4-6 (Groundball, 4, EV 86.9 MPH)
Grover Schleicher to third
Pinch Hitting: RHB Wes Ruiz 0-0: Called Strike
0-1: Called Strike
0-2: Ball
1-2: Ball
2-2: 3-RUN HOME RUN (Flyball, 7D, EV 97.5 MPH), Distance : 372 ft
Pitching: LHP Micah Chisholm
Batting: SHB Rafael Angeles 0-0: Ball
1-0: Foul Ball, location: 5FF
1-1: Ball
2-1: Ball
3-1: DOUBLE (Flyball, 8RXD, EV 110.0 MPH)
Batting: RHB Mark Wade 0-0: Called Strike
0-1: Ball
1-1: Ball
2-1: SINGLE (Flyball, 8RS, EV 88.8 MPH)
Rafael Angeles to third
Batting: RHB Chris Thurman 0-0: Called Strike
0-1: Ball
1-1: Called Strike
1-2: Foul Ball, location: 5F
1-2: Ball
2-2: Foul Ball, location: 23FF
2-2: Foul Ball, location: 2LF
2-2: SINGLE (Flyball, 89S, EV 98.8 MPH)
Rafael Angeles scores
Mark Wade to second
Batting: LHB Danny Haggis 0-0: Called Strike
0-1: Ball
1-1: Ball
2-1: Foul Ball, location: 2F
2-2: Fly out, F5 (Popup, 5, EV 76.9 MPH)
Batting: RHB Kristoffer Shealy 0-0: Ball
1-0: Called Strike
1-1: Ball
2-1: Ball
3-1: Base on Balls
Mark Wade to third
Chris Thurman to second
Batting: SHB Grover Schleicher 0-0: Ball
1-0: Called Strike
1-1: SINGLE (Line Drive, 9S, EV 106.9 MPH)
Mark Wade scores
Chris Thurman to third
Kristoffer Shealy to second
Batting: RHB Hudson Young 0-0: Fly out, F7 (Flyball, 78M, EV 84.4 MPH)
Bottom of the 7th over - 5 runs, 6 hits, 0 errors, 3 left on base; Traverse City 3 - St. Lucie 8
TOP OF THE 8TH
Traverse City Pit Spitters batting - Pitching for St. Lucie Mets : LHP Cristobal Batista
Now in CF: Landon Shibata
Batting: RHB Carter Hale 0-0: Fly out, F9 (Flyball, 9D, EV 90.6 MPH)
Pinch Hitting: RHB Jack Hampton 0-0: Ball
1-0: Foul Ball, location: 2F
1-1: Swinging Strike
1-2: Foul Ball, location: 3DF
1-2: Ball
2-2: Strikes out looking
Batting: LHB José Soriano 0-0: Foul Ball, location: 7LSF
0-1: Ball
1-1: Ball
2-1: Ball
3-1: Fly out, F7 (Flyball, 7, EV 99.4 MPH)
Top of the 8th over - 0 runs, 0 hits, 0 errors, 0 left on base; Traverse City 3 - St. Lucie 8
BOTTOM OF THE 8TH
St. Lucie Mets batting - Pitching for Traverse City Pit Spitters : LHP Micah Chisholm
Now at 1B: Caden Johnson
Batting: RHB Adrián Saenz 0-0: Ball
1-0: Ball
2-0: Called Strike
2-1: Ball
3-1: Base on Balls
Batting: RHB Landon Shibata 0-0: Ball
1-0: Ball
2-0: Called Strike
2-1: Foul Ball, location: 5F
2-2: Strikes out looking
Batting: SHB Rafael Angeles 0-0: Foul Ball, location: 3SF
0-1: Foul Ball, location: 9LSF
0-2: Fly out, F3 (Flyball, 3D, EV 96.9 MPH)
Pitching: RHP D.J. Rhoads
Batting: RHB Mark Wade 0-0: Called Strike
0-1: Ball
1-1: Foul Ball, location: 5F
1-2: Ball
Adrián Saenz is caught stealing 2nd base 2-4
Bottom of the 8th over - 0 runs, 0 hits, 0 errors, 0 left on base; Traverse City 3 - St. Lucie 8
TOP OF THE 9TH
Traverse City Pit Spitters batting - Pitching for St. Lucie Mets : LHP Cristobal Batista
Batting: LHB Sydney Hawtin 0-0: Ball
1-0: Called Strike
1-1: Ball
2-1: SINGLE (Line Drive, 5D, EV 101.3 MPH)
Batting: RHB Denis Blair 0-0: Called Strike
0-1: Ball
1-1: Ball
2-1: Foul Ball, location: 2F
2-2: Foul Ball, location: 9LDF
2-2: Ball
3-2: Fly out, F8 (Line Drive, 8RD, EV 97.5 MPH)
Batting: RHB Rodrigo Iglesia 0-0: Called Strike
0-1: Ball
Wild Pitch!
Sydney Hawtin to second
1-1: Ground out 2-3 (Groundball, 15S, EV 64.4 MPH)
Batting: RHB Gavin Rathje 0-0: Called Strike
0-1: Foul Ball, location: 9LDF
0-2: Fly out, F8 (Flyball, 8LM, EV 94.4 MPH)
Top of the 9th over - 0 runs, 1 hit, 0 errors, 1 left on base; Traverse City 3 - St. Lucie 8
Wednesday, May 1st , 2024 - OOTP Baseball 24.11 Build 85